Map: Submarine LE

Players

wojtis

  • Race: Protoss Protoss
  • League: Platinum
  • Spawn Location: 5:00

Slaight - Winner!

  • Race: Protoss Protoss
  • League: Platinum
  • Spawn Location: 11:00

VOD

Have the link to the VOD?

Description

Time

  • Played on: Aug. 15, 2020, 9:02 a.m.
  • Length: 9:09
Show
View Real Time Build Order
Export as new Build Order

wojtis Protoss 

Build Orders:  

Get SALT Encoding   

  12  0:00  Probe  
  13  0:12  Probe  
  14  0:21  Pylon  
  14  0:25  Probe  
  15  0:43  Gateway, Probe  
  16  0:51  Gateway  
  16  0:55  Probe  
  17  1:02  Assimilator  
  17  1:07  Probe (Chrono Boost)  
  17  1:10  Assimilator  
  19  1:19  Probe (Chrono Boost)  
  19  1:26  Probe (Chrono Boost)  
  20  1:32  Cybernetics Core  
  20  1:37  Pylon  
  20  1:42  Probe  
  21  1:54  Probe  
  21  1:57  Pylon  
  22  2:06  Probe  
  23  2:12  Stalker, Sentry  
  27  2:17  Warp Gate (Chrono Boost)  
  27  2:38  Nexus  
  27  2:47  Robotics Facility  
  27  3:01  Twilight Council  
  27  3:05  Pylon  
  23  3:45  Probe  
  24  3:51  Shield Battery  
  24  3:53  Shield Battery  
  24  4:00  Probe x2  
  24  4:02  Stalker x2  
  30  4:12  Probe  
  31  4:26  Probe x2 (Chrono Boost)  
  33  4:37  Adept x2, Probe x2 (Chrono Boost)  
  39  4:56  Pylon  
  39  5:05  Sentry  
  39  5:06  Sentry  
  41  5:34  Immortal (Chrono Boost)  
  43  5:49  Probe (Chrono Boost)  
  45  5:50  Probe (Chrono Boost)  
  45  5:59  Probe x2 (Chrono Boost), Pylon  
  51  6:13  Probe x2 (Chrono Boost)  
  51  6:22  Observer (Chrono Boost)  
  51  6:25  Probe x2 (Chrono Boost)  
  50  6:30  Probe x2 (Chrono Boost)  
  50  6:32  Pylon  
  52  6:35  Pylon  
  52  6:36  Observer (Chrono Boost), Pylon  
  52  6:38  Pylon  
  52  6:39  Blink (Chrono Boost), Probe x2  
  55  6:41  Pylon  
  55  6:51  Forge  
  57  6:55  Observer  
  57  7:00  Stalker x2  
  58  7:17  Immortal (Chrono Boost)  
  58  7:21  Pylon  
  62  7:37  Nexus  
  62  7:41  Pylon  
  62  7:45  Pylon  
  62  7:47  Pylon  
  62  8:13  Immortal (Chrono Boost)  
  65  8:36  Dark Shrine  
Show
View Real Time Build Order
Export as new Build Order

Slaight Protoss - Winner!

Build Orders: 1 Gate Expand, Zealot Archon 

Get SALT Encoding   

  12  0:01  Probe  
  13  0:13  Probe  
  14  0:19  Pylon  
  14  0:28  Assimilator  
  14  0:29  Probe  
  15  0:41  Gateway  
  15  0:45  Probe (Chrono Boost)  
  16  0:57  Probe (Chrono Boost)  
  17  1:02  Probe (Chrono Boost)  
  18  1:11  Probe  
  20  1:28  Nexus  
  20  1:29  Probe  
  20  1:40  Cybernetics Core  
  20  1:42  Probe  
  21  1:47  Assimilator  
  21  1:54  Pylon  
  21  2:08  Probe  
  21  2:14  Adept (Chrono Boost)  
  22  2:18  Warp Gate  
  22  2:20  Probe (Chrono Boost)  
  25  2:37  Shield Battery  
  25  2:40  Stalker (Chrono Boost)  
  27  2:56  Gateway  
  27  2:57  Probe  
  28  3:08  Sentry  
  30  3:40  Probe x2  
  30  3:45  Robotics Facility  
  30  3:47  Twilight Council  
  32  3:52  Probe x2  
  36  4:00  Gateway  
  36  4:01  Gateway  
  36  4:04  Probe  
  33  4:10  Probe  
  33  4:16  Probe  
  35  4:18  Adept x2  
  39  4:25  Probe  
  39  4:28  Probe  
  39  4:30  Immortal (Chrono Boost), Charge  
  41  4:37  Probe  
  46  4:43  Pylon  
  46  5:01  Probe x2  
  46  5:06  Immortal (Chrono Boost)  
  48  5:13  Probe  
  51  5:35  Warp Prism (Chrono Boost)  
  52  5:48  Gateway  
  52  5:50  Gateway  
  52  5:51  Gateway  
  52  5:52  Gateway  
  52  5:55  Pylon  
  52  5:57  Pylon  
  52  6:28  Templar Archives  
  52  6:31  Zealot x4  
  52  6:32  Assimilator  
  60  6:37  Assimilator  
  60  6:40  Pylon  
  60  6:43  Pylon  
  60  6:45  Zealot  
  60  6:46  Zealot  
  60  6:47  Zealot  
  66  6:54  Probe x2  
  68  7:21  High Templar x3  
  74  7:27  High Templar  
  76  7:33  Archon x2  
  76  7:53  Observer (Chrono Boost)  
  77  8:01  Probe x2  
  79  8:20  Nexus  
  79  8:21  Pylon  
  79  8:27  Pylon  
  79  8:38  High Templar x2  
  79  8:39  Forge, High Templar  
  85  8:41  Zealot  
  85  8:42  Zealot x3  
  89  9:01  Archon  
Tags
 
Composition
Zealot Archon
Matchup
PvP
Spawn Locations
Cross Positions
Add a new tag
Caveats
  • Supply blocks, unpowered buildings, or Contaminate may cause inaccurate times.
  • Supply counts are checked every 10 seconds.